 Dungeon Crawl Stone Soup version 0.21-a0-531-gacddea6 (webtiles) character file.

39008 Amnesiac the Earth Mage (level 13, -7/72 HPs)
             Began as a Deep Elf Earth Elementalist on Dec 13, 2017.
             Was a High Priest of Sif Muna.
             Mangled by a two-headed ogre
             ... wielding a +0 giant club
              (29 damage)
             ... on level 15 of the Dungeon.
             The game lasted 00:36:59 (16903 turns).

Amnesiac the Earth Mage (DEEE)                     Turns: 16903, Time: 00:37:00

Health: -7/72      AC:  6    Str:  7    XL:     13   Next: 66%
Magic:  1/44       EV: 15    Int: 28    God:    Sif Muna [*****.]
Gold:   635        SH:  0    Dex: 17    Spells: 13/44 levels left

rFire    . . .     SeeInvis .   N - staff of energy
rCold    + . .     Gourm    .   (no shield)
rNeg     . . .     Faith    .   V - +2 robe {rC+}
rPois    +         Spirit   .   (no helmet)
rElec    .         Reflect  .   (no cloak)
rCorr    .         Harm     .   z - +2 pair of gloves
MR       +....                  (no boots)
Stlth    ++........             E - amulet of regeneration
HPRegen  0.62/turn              I - ring of poison resistance
MPRegen  0.29/turn              A - ring of magical power

@: slowed, no casting, very slow
A: hooves 1, agile 1, clever 1, deformed body, sense surroundings 1, poison
resistance, strong 1
a: Stop Divine Energy, Channel Magic, Forget Spell, Renounce Religion


You were on level 15 of the Dungeon.
You worshipped Sif Muna.
Sif Muna was extremely pleased with you.
You were not hungry.

You visited 2 branches of the dungeon, and saw 16 of its levels.
You also visited: Sewer.

You collected 822 gold pieces.
You spent 187 gold pieces at shops.

Inventory:

Hand Weapons
 a - a +2 dagger of venom
 b - a +0 blowgun
Missiles
 c - a throwing net
 y - 91 poisoned needles
 D - 209 stones (quivered)
 T - 4 needles of sleeping
Armour
 z - a +2 pair of gloves (worn)
 V - a +2 robe of cold resistance (worn)
Magical Staves
 p - an uncursed staff of conjuration
 N - an uncursed staff of energy (weapon)
Jewellery
 r - an uncursed ring of fire
 x - an uncursed ring of positive energy
 A - a ring of magical power (right hand)
 E - an amulet of regeneration (around neck)
 I - a ring of poison resistance (left hand)
Wands
 e - a wand of polymorph (11)
 f - a wand of acid (22)
 q - a wand of paralysis (20)
 B - a wand of digging (24)
Scrolls
 g - 3 scrolls of fog {!r}
 h - 2 scrolls of enchant armour {!r}
 n - 4 scrolls of amnesia {!r}
 o - a scroll of holy word {!r}
 t - 6 scrolls of remove curse {!r}
 F - 4 scrolls of teleportation {!r}
 H - 2 scrolls of magic mapping {!r}
 M - 6 scrolls of identify {!r}
Potions
 i - 6 potions of flight {!q}
 k - a potion of might {!q}
 m - 4 potions of heal wounds {!q}
 u - a potion of berserk rage {!q}
 v - 3 potions of mutation {!q}
 w - a potion of resistance {!q}
 C - 5 potions of curing {!q}
 G - a potion of cancellation {!q}
 J - a potion of brilliance {!q}
 L - 3 potions of magic {!q}
 R - 3 potions of haste {!q}
Comestibles
 d - 15 bread rations
 j - 3 chunks of flesh
 s - 8 meat rations


   Skills:
 - Level 5.0 Fighting
 - Level 5.0 Dodging
 - Level 2.4 Stealth
 + Level 16.3 Spellcasting
 - Level 1.1 Transmutations
 * Level 18.6 Earth Magic
 + Level 3.7 Invocations


You had 13 spell levels left.
You knew the following spells:

 Your Spells              Type           Power        Failure   Level  Hunger
a - Iron Shot             Conj/Erth      ######....   7%          6    None
b - Passwall              Tmut/Erth      ######....   1%          2    None
c - Shatter               Erth           #######...   56%         9    None
d - Lee's Rapid Deconstr  Erth           #######...   1%          5    None
e - Petrify               Tmut/Erth      ######..     1%          4    None
f - Summon Butterflies    Summ           ###.....     1%          1    None
g - Sandblast             Erth           ######       0%          1    None
r - Regeneration          Chrm/Necr      ###.......   6%          3    None


Dungeon Overview and Level Annotations

Branches:
Dungeon (15/15)            Temple (1/1) D:5            Lair (0/6) D:11
    Orc (0/2) D:9          Vaults (0/5) D:14
 Depths: D:15

Altars:
Ashenzari
Cheibriados
Dithmenos
Elyvilon
Fedhas
Gozag
Hepliaklqana
Kikubaaqudgha
Makhleb
Nemelex Xobeh
Okawaru
Qazlal
Ru
Sif Muna
Trog
Uskayaw
Vehumet
Wu Jian
Xom
Yredelemnul
Zin
The Shining One

Shops:
D:9 %[([   D:14 *

Portals:
Trove: D:11 (give 6 scrolls of blinking)

Annotations:
D:12 exclusion: downstairs
D:14 exclusion: 2 downstairs


Innate Abilities, Weirdness & Mutations

You have large cloven feet.
You are agile. (Dex +2)
Your mind is acute. (Int +2)
Armour fits poorly on your strangely shaped body.
You passively map a small area around you.
Your system is resistant to poisons. (rPois)
Your muscles are strong. (Str +2)


Message History

Confirm with . or Enter, or press ? or * to list all spells.
Aiming: Iron Shot
Press: ? - help, Shift-Dir - straight line, f/p - two-headed ogre
Aim: a two-headed ogre, wielding a giant club and a giant spiked club (severely wounded)
The iron shot hits the two-headed ogre.
You kill the two-headed ogre!
Sif Muna accepts your kill.
You feel less invigorated.
You hear two shouts!
Casting: Iron Shot
Confirm with . or Enter, or press ? or * to list all spells.
Aiming: Iron Shot
Press: ? - help, Shift-Dir - straight line, f - two-headed ogre
Aim: a two-headed ogre, wielding a giant club and a giant spiked club You miscast Iron Shot.
Sif Muna protects you from the effects of your miscast!
The two-headed ogre hits you with a giant club!!
The two-headed ogre hits you with a giant spiked club.
The vampire mage gestures wildly while chanting.
The vampire mage flickers and vanishes!
Deactivating autopickup; reactivate with Ctrl-A.
Casting: Iron Shot
Confirm with . or Enter, or press ? or * to list all spells.
Aiming: Iron Shot
Press: ? - help, Shift-Dir - straight line, f/p - two-headed ogre
Aim: a two-headed ogre, wielding a giant club and a giant spiked club The iron shot hits the two-headed ogre.
The two-headed ogre is almost dead.
You hear two shouts!
The two-headed ogre barely misses you.
The two-headed ogre hits you with a giant spiked club!!
* * * LOW HITPOINT WARNING * * *
Unknown command.
Okay, then.
Really quaff
m - 6 potions of heal wounds {!q}?
You feel much better. The two-headed ogre misses you.
The two-headed ogre hits you with a giant spiked club!!
* * * LOW HITPOINT WARNING * * *
Okay, then.
Casting: Iron Shot
Confirm with . or Enter, or press ? or * to list all spells.
Okay, then.
Really quaff
m - 5 potions of heal wounds {!q}?
You feel much better.
The two-headed ogre completely misses you.
The two-headed ogre hits you with a giant spiked club.
Casting: Iron Shot
Confirm with . or Enter, or press ? or * to list all spells.
Aiming: Petrify
Press: ? - help, Shift-Dir - straight line, f/p - two-headed ogre
Aim: a two-headed ogre, wielding a giant club and a giant spiked club (almost dead, chance to defeat MR: 64%)
Okay, then.
Casting: Petrify
Confirm with . or Enter, or press ? or * to list all spells.
Aiming: Petrify
Press: ? - help, Shift-Dir - straight line, f/p - two-headed ogre
Aim: a two-headed ogre, wielding a giant club and a giant spiked club (almost dead, chance to defeat MR: 64%)
The two-headed ogre is moving more slowly.
Sif Muna grants you divine energy.
You briefly lose access to your magic!
The two-headed ogre hits you with a giant club!
* * * LOW HITPOINT WARNING * * *
The two-headed ogre hits you with a giant spiked club!!
You die...

, , , P.. , , #.. , .. * #.. # ..
, #.. .# , . , * #.. ..# #. * #..
.....####.#* #..
............###################..
...O...[...OOO{O@................
.O..........###############.....#
............* #.....#


OO.......... ####### ........... ############ [...# ###.# ..#.# You could see 4
two-headed ogres.

Vanquished Creatures
  Frances (D:14)
  Nessos (D:13)
  4 vault guards (D:14)
  3 hydras
  Erica (D:8)
  2 centaur warriors (D:14)
  5 two-headed ogres
  An ogre mage (D:15)
  4 unseen horrors
  The ghost of anet the Magician, a novice DEWz of Ashenzari (D:7)
  A wolf spider zombie (D:13)
  4 ugly things
  3 manticores
  A cyclops (D:11)
  A centaur zombie (D:13)
  An elephant (D:11)
  2 kobold demonologists
  A jumping spider (shapeshifter) (D:13)
  An efreet (D:14)
  6 trolls
  A troll (shapeshifter) (D:13)
  The ghost of Oozefury the Ruffian, an amateur BaMo of Cheibriados (D:4)
  A hornet (D:13)
  6 slime creatures
  3 hippogriffs
  A spriggan (D:8)
  4 wraiths
  A water elemental (D:15)
  3 wyverns
  24 yaks
  2 vampires (D:13)
  A basilisk (shapeshifter) (D:13)
  Eustachio (D:4)
  2 vampire mosquitoes (D:13)
  5 hungry ghosts
  Grum (D:10)
  An acid dragon (D:11)
  A water moccasin (shapeshifter) (D:13)
  2 ice beasts
  9 orc warriors
  3 necrophages
  2 phantoms
  3 sky beasts
  5 centaurs
  4 ogres
  3 wolves (D:10)
  2 crocodiles (D:11)
  2 big kobolds (D:13)
  9 bullfrogs
  A wyvern zombie (D:10)
  A wyvern skeleton (D:9)
  4 scorpions
  A water moccasin skeleton (D:9)
  9 killer bees
  6 howler monkeys
  9 crimson imps
  3 jellies
  A quasit (D:4)
  9 orc priests
  2 bullfrog skeletons
  5 centaur skeletons
  10 hounds
  Natasha (thrice) (D:2)
  Ijyb (D:3)
  2 iguanas
  8 worker ants
  14 orc wizards
  A killer bee zombie (D:8)
  A hound skeleton (D:9)
  3 worker ant zombies
  8 gnolls
  16 adders
  4 shadow imps
  2 oozes
  An adder skeleton (D:8)
  3 worms
  2 dart slugs (D:1)
  7 leopard geckos
  71 orcs
  3 giant cockroaches
  6 goblins
  6 hobgoblins
  10 jackals
  22 kobolds
  3 quokkas
  5 ball pythons
  12 bats
  11 frilled lizards
  A jackal skeleton (D:6)
  A leopard gecko skeleton (D:7)
  2 quokka skeletons (D:9)
  13 rats
450 creatures vanquished.

Vanquished Creatures (others)
  A centaur skeleton (D:14)
  A kobold (D:13)
  2 fungi (D:11)
  14 withered plants (D:15)
18 creatures vanquished.

Grand Total: 468 creatures vanquished

Notes
Turn   | Place    | Note
-------+----------+-------------------------------------------
     0 | D:1      | Amnesiac the Deep Elf Earth Elementalist began the quest for the Orb.
     0 | D:1      | Reached XP level 1. HP: 10/10 MP: 6/6
    68 | D:1      | Reached XP level 2. HP: 16/16 MP: 5/8
   279 | D:1      | Reached skill level 1 in Fighting
   317 | D:1      | You fall through a shaft!
   415 | D:2      | Reached XP level 3. HP: 20/20 MP: 7/10
   543 | D:2      | Noticed Natasha
   545 | D:2      | Killed Natasha
   545 | D:2      | Reached skill level 4 in Earth Magic
   560 | D:2      | Reached XP level 4. HP: 14/26 MP: 0/12
   582 | D:2      | Learned a level 2 spell: Passwall
   587 | D:2      | Learned a level 4 spell: Petrify
   946 | D:2      | Noticed Natasha
   951 | D:2      | Killed Natasha
  1042 | D:2      | Noticed Natasha
  1053 | D:2      | Killed Natasha
  1106 | D:3      | Reached XP level 5. HP: 31/31 MP: 9/13
  1419 | D:3      | Noticed Ijyb
  1642 | D:4      | Noticed an ice beast
  1772 | D:4      | Learned a level 3 spell: Stone Arrow
  1953 | D:4      | Reached skill level 5 in Spellcasting
  2032 | D:4      | Noticed Eustachio
  2043 | D:4      | Killed Eustachio
  2043 | D:4      | Reached skill level 6 in Earth Magic
  2043 | D:4      | Reached XP level 6. HP: 32/36 MP: 5/15
  2116 | D:4      | Killed an ice beast
  2762 | D:3      | Killed Ijyb
  3048 | D:1      | Reached XP level 7. HP: 41/41 MP: 1/17
  4066 | D:4      | Noticed Oozefury's ghost (amateur BaMo)
  4207 | D:4      | Killed Oozefury's ghost
  4660 | D:5      | Entered Level 5 of the Dungeon
  4691 | D:5      | Learned a level 5 spell: Lee's Rapid Deconstruction
  4782 | D:5      | Reached XP level 8. HP: 48/48 MP: 9/19
  4884 | D:5      | Found a staircase to the Ecumenical Temple.
  4895 | Temple   | Entered the Ecumenical Temple
  5136 | Temple   | Became a worshipper of Sif Muna the Loreminder
  5334 | D:5      | Reached skill level 5 in Fighting
  5334 | D:5      | Reached skill level 5 in Dodging
  5496 | D:5      | Reached skill level 7 in Earth Magic
  5921 | D:6      | Found a blossoming altar of Fedhas.
  5971 | D:6      | Reached * piety under Sif Muna
  5971 | D:6      | Reached skill level 8 in Earth Magic
  5978 | D:6      | Reached XP level 9. HP: 54/54 MP: 4/22
  6180 | D:6      | Reached skill level 9 in Earth Magic
  6184 | D:6      | Found a glowing drain.
  6197 | Sewer    | Entered a sewer
  6819 | D:7      | Reached ** piety under Sif Muna
  7040 | D:7      | Noticed anet's ghost (novice DEWz)
  7044 | D:7      | Killed anet's ghost
  7044 | D:7      | Reached skill level 10 in Earth Magic
  7541 | D:8      | Reached *** piety under Sif Muna
  7574 | D:8      | Reached skill level 11 in Earth Magic
  7593 | D:8      | Reached skill level 10 in Spellcasting
  7673 | D:8      | Reached XP level 10. HP: 59/59 MP: 0/26
  7930 | D:8      | Noticed Erica
  7949 | D:8      | Killed Erica
  7949 | D:8      | Reached **** piety under Sif Muna
  7949 | D:8      | Reached skill level 12 in Earth Magic
  8032 | D:8      | Noticed a two-headed ogre
  8041 | D:8      | Killed a two-headed ogre
  8450 | D:9      | Gained mutation: Your mind is acute. (Int +2) [potion of mutation]
  8450 | D:9      | Gained mutation: You passively map a small area around you. [potion of mutation]
  8450 | D:9      | Gained mutation: Armour fits poorly on your strangely shaped body. [potion of mutation]
  8450 | D:9      | Gained mutation: Your muscles are strong. (Str +2) [potion of mutation]
  8454 | D:9      | Killed an unseen horror
  8454 | D:9      | Reached skill level 13 in Earth Magic
  8526 | D:9      | Found Yhofopox's Antique Armour Shop.
  8572 | D:9      | Reached ***** piety under Sif Muna
  8572 | D:9      | Identified a paperback manual (Sif Muna gifted it to you on level 9 of the Dungeon)
  8572 | D:9      | Received a gift from Sif Muna
  8581 | D:9      | Bought a pair of runed gloves for 187 gold pieces
  8795 | D:9      | Reached XP level 11. HP: 50/63 MP: 15/28
  9191 | D:9      | Found a staircase to the Orcish Mines.
  9206 | D:9      | Learned a level 3 spell: Regeneration
  9341 | D:9      | Found Gilai's Antique Weapon Shop.
  9642 | D:9      | Found Gatokk's Weapon Shoppe.
  9663 | D:9      | Found Bistrut's Armour Shop.
  9672 | D:9      | Found Weosint's Food Boutique.
 10062 | D:10     | Entered Level 10 of the Dungeon
 10069 | D:10     | Reached skill level 14 in Earth Magic
 10111 | D:10     | Noticed Grum
 10112 | D:10     | Killed Grum
 10801 | D:10     | Killed an unseen horror
 10801 | D:10     | Identified Sif Muna's Incunabulum of Dark Creation (Sif Muna gifted it to you on level 10 of the Dungeon)
 10801 | D:10     | Received a gift from Sif Muna
 10807 | D:10     | Learned a level 1 spell: Summon Butterflies
 10970 | D:10     | Noticed a cyan ugly thing
 10972 | D:10     | Killed a cyan ugly thing
 11297 | D:11     | Reached skill level 15 in Earth Magic
 11589 | D:11     | Noticed a two-headed ogre
 11595 | D:11     | Killed a two-headed ogre
 11973 | D:11     | Found a staircase to the Lair.
 11977 | D:11     | Reached XP level 12. HP: 67/67 MP: 29/31
 12268 | D:11     | Found a portal to a secret trove of treasure.
 12795 | D:12     | Reached skill level 16 in Earth Magic
 13217 | D:12     | Found a radiant altar of Vehumet.
 13576 | D:13     | Noticed an eight-headed hydra
 13612 | D:13     | Identified Sif Muna's Tome of Dusty Snow (Sif Muna gifted it to you on level 13 of the Dungeon)
 13612 | D:13     | Received a gift from Sif Muna
 13624 | D:13     | Learned a level 9 spell: Shatter
 13632 | D:13     | Gained mutation: Your system is resistant to poisons. (rPois) [mutagenic meat]
 13633 | D:13     | Gained mutation: You are agile. (Dex +2) [mutagenic meat]
 13634 | D:13     | Gained mutation: You have large cloven feet. [mutagenic meat]
 13770 | D:13     | Noticed an eight-headed hydra
 13772 | D:13     | Killed an eight-headed hydra
 14165 | D:13     | Noticed Nessos
 14169 | D:13     | Killed Nessos
 14169 | D:13     | Reached skill level 15 in Spellcasting
 14169 | D:13     | Reached skill level 17 in Earth Magic
 14183 | D:13     | Killed an eight-headed hydra
 15067 | D:14     | Noticed Frances
 15263 | D:14     | Killed Frances
 15263 | D:14     | Reached XP level 13. HP: 71/71 MP: 14/34
 15280 | D:14     | Identified Sif Muna's Volume of Aerial Attacks (Sif Muna gifted it to you on level 14 of the Dungeon)
 15280 | D:14     | Received a gift from Sif Muna
 15280 | D:14     | Reached skill level 18 in Earth Magic
 15612 | D:14     | Found a gate to the Vaults.
 15615 | D:14     | Reached skill level 1 in Invocations
 15849 | D:14     | Learned a level 6 spell: Iron Shot
 16118 | D:14     | Found Gozag's Platinum Reserve.
 16206 | D:14     | Found an opulent altar of Gozag.
 16433 | D:15     | Entered Level 15 of the Dungeon
 16903 | D:15     | Mangled by a two-headed ogre

Vault maps used:
D:1:      onia_arrival_handbag, due_unseen_surprise
D:2:      corner_web_ring, kennysheep_generic_room_13, uniq_natasha
D:3:      first_bread, uniq_ijyb
D:4:      uniq_eustachio
D:5:      minmay_temple_entry_overgrown
D:6:      fedhas_altar_1, portal_sewer_entry_b
D:8:      the_bakery, uniq_erica
D:9:      david_orc_4, serial_shops, shop,
          nicolae_shop_temple_entry_statues_fountains,
          nicolae_shop_temple_entry_statues_fountains, shop_fountains, shop
D:10:     uniq_grum
D:11:     david_lair_generic, nicolae_trove_entry_crystal,
          minmay_misc_feat_plants
D:12:     basic_altar, minmay_misc_feat_enclosed
D:13:     st_stairs_14, uniq_nessos
D:14:     lightli_vaults_fourway_checkpoint, nicolae_gozag_zags_fifth_avenue,
          uniq_frances
D:15:     gammafunk_depths_entry_grave
Temple:   nicolae_temple_the_god_donut
Sewer:    sewer_co_cracked_pipes

Skill      XL: |  1  2  3  4  5  6  7  8  9 10 11 12 13 |
---------------+----------------------------------------+-----
Fighting       | 1 2 3 4 5 |  5.0
Spellcasting   | 4 5 6 7 10 11 13 15 16 | 16.3
Earth Magic    | 4 6 8 11 13 15 17 18 | 18.6
Dodging        | 3 4 5 |  5.0
Invocations    | 3 |  3.7
Stealth        | |  2.4
Transmutations | |  1.1

Action                   |  1- 3 |  4- 6 |  7- 9 | 10-12 | 13-15 || total
-------------------------+-------+-------+-------+-------+-------++-------
Melee: Unarmed           |     2 |       |       |       |       ||     2
       Dagger            |     1 |    41 |    24 |       |       ||    66
       Staff             |       |       |       |    23 |       ||    23
 Fire: Blowgun           |       |     5 |       |       |       ||     5
 Cast: Sandblast         |    39 |    69 |    80 |   101 |     3 ||   292
       Stone Arrow       |       |    24 |    68 |     2 |       ||    94
       Petrify           |       |     1 |     2 |    20 |     7 ||    30
       Passwall          |       |       |     3 |     2 |       ||     5
       Lee's Rapid Decon |       |       |    38 |   217 |    29 ||   284
       Shatter           |       |       |       |     6 |     4 ||    10
       Iron Shot         |       |       |       |       |    20 ||    20
Invok: Divine Energy     |       |       |     1 |       |       ||     1
       Channel Magic     |       |       |       |       |     1 ||     1
  Use: Scroll            |     3 |     2 |     1 |    16 |       ||    22
       Potion            |       |       |       |    10 |     5 ||    15
 Stab: Sleeping          |       |     1 |       |       |       ||     1
       Petrified         |       |     1 |       |       |       ||     1
  Eat: Chunk             |       |     8 |    17 |    16 |     2 ||    43
       Royal jelly       |       |       |       |     2 |     2 ||     4
       Fruit             |       |       |       |     7 |     1 ||     8
Armor: Robe              |     4 |    21 |    12 |    29 |     3 ||    69
Dodge: Dodged            |     7 |    84 |    80 |   101 |    15 ||   287

Table legend:
 A = Spawn XP
 B = Non-spawn XP
 C = Spawn XP percentage of total XP
 D = Spawn monster count
 E = Non-spawn monster count
 F = Spawn count percentage of total count
 G = Total turns spent on level
                    A         B        C        D         E        F      G
               +---------+---------+-------+---------+---------+-------+---------
         Total |       0 |   55726 |   0.0 |       0 |     450 |   0.0 | 16903
               +---------+---------+-------+---------+---------+-------+---------
           D:1 |       0 |      56 |   0.0 |       0 |      33 |   0.0 |   717
           D:2 |       0 |     155 |   0.0 |       0 |      18 |   0.0 |   807
           D:3 |       0 |     172 |   0.0 |       0 |      35 |   0.0 |  1490
           D:4 |       0 |     968 |   0.0 |       0 |      27 |   0.0 |  1646
           D:5 |       0 |     506 |   0.0 |       0 |      14 |   0.0 |   776
           D:6 |       0 |    1205 |   0.0 |       0 |      18 |   0.0 |   827
           D:7 |       0 |    1338 |   0.0 |       0 |      21 |   0.0 |   695
           D:8 |       0 |    4348 |   0.0 |       0 |      43 |   0.0 |   943
           D:9 |       0 |    4056 |   0.0 |       0 |      63 |   0.0 |  1621
          D:10 |       0 |    3868 |   0.0 |       0 |      25 |   0.0 |  1283
          D:11 |       0 |    5983 |   0.0 |       0 |      43 |   0.0 |  1251
          D:12 |       0 |    3708 |   0.0 |       0 |      17 |   0.0 |   993
          D:13 |       0 |   12043 |   0.0 |       0 |      52 |   0.0 |  1950
          D:14 |       0 |   13432 |   0.0 |       0 |      22 |   0.0 |   997
          D:15 |       0 |    3851 |   0.0 |       0 |       8 |   0.0 |   367
         Sewer |       0 |      37 |   0.0 |       0 |      11 |   0.0 |   286
               +---------+---------+-------+---------+---------+-------+---------
